[Event "*** Titled Tuesday Blitz"]
[Site "Chess.com"]
[Date "2020.10.27"]
[Round "8"]
[White "ajedrezhoy"]
[Black "vova-79"]
[Result "0-1"]
[WhiteElo "2219"]
[BlackElo "2490"]
[TimeControl "180+1"]
[EndTime "11:27:23 PDT"]
[Termination "vova-79 won by resignation"]

1. c4 c6 2. e4 d5 3. exd5 cxd5 4. d4 Nf6 5. Nc3 e6 6. Nf3 Be7 7. Bd3 dxc4 8. Bxc4 O-O 9. O-O Nc6 10. Re1 a6 11. Bg5 b5 12. Bd3 Bb7 13. a3 g6 14.
Bc2 Rc8 15. h4 Re8 16. Qd2 Na5 17. Ne5 Nc4 18. Nxc4 Rxc4 19. Rad1 Nd5 20. Bb3 Nxc3 21. bxc3 Rc8 22. Bxe7 Rxe7 23. d5 exd5 24. Rxe7 Qxe7 25. Bxd5 Bxd5 26. Qxd5 Qxh4 27. Qb7 Rxc3 28. Qxa6 Qc4 29.
Rd8+ Kg7 30. g3 Rc1+ 31. Kh2 Qe4 0-1

[Event "*** Titled Tuesday Blitz"]
[Site "Chess.com"]
[Date "2020.10.27"]
[Round "8"]
[White "Mr_Sinigami"]
[Black "SamuelGhimpu2003"]
[Result "1-0"]
[WhiteElo "2486"]
[BlackElo "2599"]
[TimeControl "180+1"]
[EndTime "11:27:24 PDT"]
[Termination "Mr_Sinigami won by resignation"]

1. d4 Nf6 2. Nf3 g6 3. Bf4 Bg7 4. e3 O-O 5. h3 d6 6. Be2 Nc6 7.
O-O Nd5 8. Bh2 e5 9. c4 Nb6 10. Nc3 h6 11. Rc1 exd4 12. exd4 Re8 13. c5 dxc5 14.
dxc5 Nd7 15. Nb5 Nce5 16. Nxe5 Bxe5 17. f4 Bxb2 18. Rc2 Bg7 19. f5 a6 20. Nxc7 Ra7 21.
Nxe8 Qxe8 22. Bc4 g5 23. Re2 Qf8 24. Bd6 Qd8 25. Rfe1 b5 26. Re8+ 1-0

[Event "*** Titled Tuesday Blitz"]
[Site "Chess.com"]
[Date "2020.10.27"]
[Round "8"]
[White "Andrii_Prydun"]
[Black "MVM2008"]
[Result "0-1"]
[WhiteElo "2368"]
[BlackElo "2239"]
[TimeControl "180+1"]
[EndTime "11:27:24 PDT"]
[Termination "MVM2008 won by resignation"]

1. d4 f5 2. Nc3 Nf6 3. Bg5 e6 4. e4 fxe4 5. Nxe4 Be7 6. Bxf6 Bxf6 7. Nf3 b6 8. Bd3 Bb7 9. Qe2 Nc6 10. c3 d5 11. Nxf6+ Qxf6 12. O-O-O O-O-O 13. Rhe1 Rde8 14. Bb5 Re7 15. Bxc6 Bxc6 16. Ne5 Bb7 17. Qf3 Rf8 18. Qxf6 gxf6 19. Ng4 e5 20. f4 Rg7 21. h3 h5 22. Ne3 exf4 23. Nf5 Rxg2 24. Rf1 Re8 25. Rd2 Rxd2 26. Kxd2 Ba6 27. Rf2 f3 28. Ne3 Be2 29.
Nxd5 f5 30. Nf4 h4 31. Ng6 Re4 32. Ne5 Rf4 33. Ke3 Re4+ 34. Kd2 c5 35. Nxf3 Bxf3 36.
Rxf3 cxd4 37. Rf4 Rxf4 0-1

[Event "*** Titled Tuesday Blitz"]
[Site "Chess.com"]
[Date "2020.10.27"]
[Round "8"]
[White "Fh2411"]
[Black "SergeyShtyka"]
[Result "1-0"]
[WhiteElo "2524"]
[BlackElo "2341"]
[TimeControl "180+1"]
[EndTime "11:27:25 PDT"]
[Termination "Fh2411 won by resignation"]

1. d4 c5 2. Nf3 cxd4 3. Nxd4 e5 4. Nb3 d5 5. g3 Nf6 6. Bg2 Be6 7. O-O Be7 8. c3 O-O 9. Bg5 Nc6 10. N1d2 h6 11. Bxf6 Bxf6 12. Nc5 Qe7 13. Nxe6 Qxe6 14. Qb3 Rfd8 15. Rfd1 e4 16. Nf1 Na5 17. Qc2 Nc4 18.
b3 Nb6 19. Rac1 Rac8 20. Qd2 Bg5 21. Ne3 Rc6 22. h4 Bxe3 23. Qxe3 Rdc8 24. c4 dxc4 25. Bxe4 R6c7 26. Qf3 cxb3 27. Rxc7 1-0

[Event "*** Titled Tuesday Blitz"]
[Site "Chess.com"]
[Date "2020.10.27"]
[Round "8"]
[White "Th3_Hound"]
[Black "northridgehawk"]
[Result "1-0"]
[WhiteElo "2500"]
[BlackElo "2268"]
[TimeControl "180+1"]
[EndTime "11:27:26 PDT"]
[Termination "Th3_Hound won by checkmate"]

1. e4 e5 2. Nf3 Nc6 3. Bb5 a6 4. Ba4 Nf6 5. d3 b5 6. Bb3 Bc5 7. a3 d6 8. Nc3 O-O 9. h3 Be6 10. Nd5 Nd4 11. Nxd4 Bxd4 12. c3 Ba7 13. Bg5 Bxd5 14.
Bxd5 Rb8 15. Qf3 Re8 16. h4 Rb6 17. h5 c6 18. h6 cxd5 19. hxg7 dxe4 20. Qh3 h5 21.
Qf5 d5 22. Rxh5 Qd7 23. Bxf6 Rxf6 24. Qh7# 1-0

[Event "*** Titled Tuesday Blitz"]
[Site "Chess.com"]
[Date "2020.10.27"]
[Round "8"]
[White "albano87"]
[Black "gui_borba"]
[Result "1-0"]
[WhiteElo "2321"]
[BlackElo "2442"]
[TimeControl "180+1"]
[EndTime "11:27:28 PDT"]
[Termination "albano87 won by checkmate"]

1. e4 c5 2. Nf3 e6 3. d4 cxd4 4. Nxd4 Nf6 5. Nc3 d6 6. Be3 Be7 7. f3 Nc6 8. Qd2 O-O 9. O-O-O a6 10. Kb1 Nxd4 11. Bxd4 b5 12. g4 b4 13. Ne2 d5 14. e5 Nd7 15. f4 a5 16. f5 Nc5 17.
Ng3 Ne4 18. Qf4 Bg5 19. Qf3 Nd2+ 20. Rxd2 Bxd2 21. f6 g6 22. Be3 Bxe3 23. Qxe3 Kh8 24. Qh6 Rg8 25. h4 Qb6 26. h5 Ra7 27. Bd3 Ba6 28. Qxh7+ Kxh7 29. hxg6# 1-0

[Event "*** Titled Tuesday Blitz"]
[Site "Chess.com"]
[Date "2020.10.27"]
[Round "8"]
[White "MrChampion_Coach"]
[Black "TioCridineno"]
[Result "1-0"]
[WhiteElo "2424"]
[BlackElo "2237"]
[TimeControl "180+1"]
[EndTime "11:27:28 PDT"]
[Termination "MrChampion_Coach won by resignation"]

1. d4 Nf6 2. c4 g6 3. Nc3 Bg7 4.
e4 d6 5. f4 O-O 6. Nf3 Na6 7.
e5 Ne8 8. h3 e6 9. Be2 f6 10.
O-O fxe5 11. dxe5 Bd7 12. Ng5 Qe7 13. Bf3 Bc6 14. Bxc6 bxc6 15. Qa4 Nc5 16. Qxc6 Rb8 17. Be3 Nd3 18. b3 dxe5 19. Nxe6 Rf6 20. Nd5 Qxe6 21.
Nxf6+ Qxf6 22. Qd5+ Kh8 23. Qxd3 exf4 24. Rad1 g5 25.
Bxa7 Ra8 26. Qe4 Rxa7 27. Qxe8+ Bf8 28. Rd8 Kg7 29. Qd7+ Qe7 30. Qd4+ Kg8 31. Rxf8+ 1-0

[Event "*** Titled Tuesday Blitz"]
[Site "Chess.com"]
[Date "2020.10.27"]
[Round "8"]
[White "Kobalia"]
[Black "chenxiaoyuer"]
[Result "1-0"]
[WhiteElo "2735"]
[BlackElo "2512"]
[TimeControl "180+1"]
[EndTime "11:27:29 PDT"]
[Termination "Kobalia won by resignation"]

1. d4 Nf6 2. Nf3 g6 3. Bg5 Bg7 4. Nbd2 d5 5. e3 O-O 6. Be2 c5 7. c3 Nc6 8. O-O Bf5 9. Nh4 Be6 10. Nhf3 Rc8 11. Re1 c4 12. Bxf6 exf6 13. e4 Ne7 14. Bf1 dxe4 15. Nxe4 f5 16. Ned2 b5 17. a4 b4 18. Ne5 bxc3 19. bxc3 Bxe5 20. Rxe5 Nd5 21. Qc2 Qa5 22. Bxc4 Qxc3 23. Qxc3 Nxc3 24. Bxe6 fxe6 25. Rxe6 Rfe8 26. Rxe8+ Rxe8 27. Nf3 Rb8 28. h4 Rb2 29. a5 Kf7 30. Re1 Ne4 31. Ne5+ Ke6 32. f3 Kd5 33. fxe4+ fxe4 34. Ng4 Kxd4 35. Rd1+ Kc3 36. Rd7 h5 37. Nf2 Rb1+ 38. Kh2 e3 39. Rd3+ 1-0

[Event "*** Titled Tuesday Blitz"]
[Site "Chess.com"]
[Date "2020.10.27"]
[Round "8"]
[White "Rytenko_V"]
[Black "Corre_por_tu_vida"]
[Result "1-0"]
[WhiteElo "2539"]
[BlackElo "2547"]
[TimeControl "180+1"]
[EndTime "11:27:29 PDT"]
[Termination "Rytenko_V won by resignation"]

1. d4 d5 2. Bg5 Nf6 3. Bxf6 exf6 4. e3 f5 5. Nf3 g6 6. c4 dxc4 7. Bxc4 Bg7 8. O-O O-O 9. Nc3 a6 10. a4 Nd7 11. Rc1 c5 12. Qb3 cxd4 13. exd4 Nb6 14. d5 Nxc4 15. Qxc4 Bd7 16. Qb4 Rb8 17. Rfd1 Re8 18.
d6 Bc6 19. Nd5 Bf8 20. Qd4 Bg7 21. Ne7+ Kh8 22. Nxc6 bxc6 23. Qc5 Re6 24. d7 Rb7 25. Ng5 Re7 26. Qxe7 Qxe7 27. d8=Q+ 1-0

[Event "*** Titled Tuesday Blitz"]
[Site "Chess.com"]
[Date "2020.10.27"]
[Round "8"]
[White "lelya96"]
[Black "Chessmatus"]
[Result "0-1"]
[WhiteElo "2199"]
[BlackElo "2408"]
[TimeControl "180+1"]
[EndTime "11:27:29 PDT"]
[Termination "Chessmatus won by resignation"]

1. e4 c5 2. Nf3 d6 3. d4 cxd4 4. Nxd4 Nf6 5. Nc3 a6 6. Be2 e5 7. Nb3 Be7 8. O-O O-O 9. f4 b5 10. a3 Bb7 11. Qd3 Nbd7 12. Kh1 Rc8 13. Bf3 exf4 14. Bxf4 Ne5 15. Bxe5 dxe5 16. Rad1 Qxd3 17. Rxd3 Rfd8 18. Rfd1 Rxd3 19. Rxd3 g5 20. h3 h5 21.
Nd2 g4 22. hxg4 hxg4 23. Bd1 Kf8 24. Nd5 Nxd5 25. exd5 f5 26. d6 Bg5 27. d7 Rd8 28.
Nb3 e4 29. Rd4 Bf6 30. Rd6 Be5 31. Rd2 Ke7 32. Nc5 Bc6 33. Nxa6 Bf4 34. Rf2 Be3 35.
Rxf5 Rh8+ 0-1

[Event "*** Titled Tuesday Blitz"]
[Site "Chess.com"]
[Date "2020.10.27"]
[Round "8"]
[White "Generalas"]
[Black "PawnEatingZombie"]
[Result "1-0"]
[WhiteElo "2331"]
[BlackElo "2175"]
[TimeControl "180+1"]
[EndTime "11:27:29 PDT"]
[Termination "Generalas won by resignation"]

1. e4 c6 2. d4 d5 3. e5 Bf5 4. Nf3 e6 5. Be2 Nd7 6. O-O Bg6 7. Nbd2 Nh6 8. Nb3 Nf5 9. c3 Be7 10. g3 O-O 11. h4 Bh5 12. Kg2 c5 13. dxc5 Nxc5 14.
Nbd4 Ne4 15. Nxf5 exf5 16. Be3 Qd7 17. Nd4 Bxe2 18. Qxe2 a6 19. Rad1 Rad8 20. Nb3 Rfe8 21. f3 Qa4 22. fxe4 fxe4 23. Qf2 f6 24. e6 Qxa2 25.
Nd4 Qc4 26. h5 h6 27. Qf5 Bc5 28. Bxh6 gxh6 29. Qg6+ Kh8 30. Qxh6+ Kg8 31. Qg6+ Kh8 32. Qxf6+ Kg8 33. Qg6+ Kh8 34. Rf7 1-0

[Event "*** Titled Tuesday Blitz"]
[Site "Chess.com"]
[Date "2020.10.27"]
[Round "8"]
[White "RD4ever"]
[Black "WhiteKnight2612"]
[Result "1-0"]
[WhiteElo "2802"]
[BlackElo "2586"]
[TimeControl "180+1"]
[EndTime "11:27:35 PDT"]
[Termination "RD4ever won by checkmate"]

1. e4 e5 2. Nf3 Nc6 3. Nc3 Nf6 4. Bb5 d6 5. d4 exd4 6. Nxd4 Bd7 7. O-O Be7 8. Bxc6 bxc6 9. Qf3 O-O 10. e5 dxe5 11. Nxc6 Bxc6 12. Qxc6 Bd6 13. Bg5 h6 14. Bh4 Qd7 15.
Qxd7 Nxd7 16. Rad1 Nc5 17. f3 Ne6 18. Ne4 g5 19.
Nxd6 cxd6 20. Bf2 Rfd8 21. Rd2 d5 22. Rfd1 d4 23. c3 dxc3 24. Rxd8+ Rxd8 25. Rxd8+ Nxd8 26. bxc3 Nc6 27. Kf1 f5 28. Ke2 Kf7 29. Kd3 Ke6 30. Kc4 Kd6 31. Bc5+ Ke6 32. Kb5 Kd7 33. g4 e4 34.
gxf5 exf3 35. f6 Ne5 36. Bxa7 Ke6 37. a4 Kxf6 38. a5 Ke6 39. a6 Kd7 40. Bd4 Kc8 41.
Kb6 Nc4+ 42. Kc6 Ne5+ 43. Bxe5 f2 44. a7 f1=Q 45. a8=Q# 1-0

[Event "*** Titled Tuesday Blitz"]
[Site "Chess.com"]
[Date "2020.10.27"]
[Round "8"]
[White "nubair1198"]
[Black "Korchmar_Vasiliy"]
[Result "0-1"]
[WhiteElo "2812"]
[BlackElo "2617"]
[TimeControl "180+1"]
[EndTime "11:27:42 PDT"]
[Termination "Korchmar_Vasiliy won by resignation"]

1. d4 Nf6 2. c4 c6 3. Nf3 d5 4.
Nc3 a6 5. a4 e6 6. Bg5 a5 7. e3 Na6 8. Qb3 Be7 9. Be2 O-O 10. O-O Nb4 11. Na2 b6 12. Nxb4 axb4 13. Ne5 Bb7 14. Rfc1 Ne4 15. Bxe7 Qxe7 16. cxd5 cxd5 17.
Bd3 Rfc8 18. h3 f6 19. Bxe4 dxe4 20. Nc4 Bd5 21. Rc2 b5 22. Nb6 Bxb3 23. Rxc8+ Rxc8 24. Nxc8 Qc7 25. axb5 Qxc8 26. b6 Bd5 27. Ra7 Qc1+ 28. Kh2 Qxb2 29. Rd7 Qa2 30. b7 Bxb7 31. Rxb7 b3 32.
Kg3 b2 33. Rb8+ Kf7 34. Rb7+ Kg6 0-1

[Event "*** Titled Tuesday Blitz"]
[Site "Chess.com"]
[Date "2020.10.27"]
[Round "8"]
[White "MarceloPlaya"]
[Black "Evachess2006"]
[Result "1-0"]
[WhiteElo "2274"]
[BlackElo "1645"]
[TimeControl "180+1"]
[EndTime "11:27:42 PDT"]
[Termination "MarceloPlaya won on time"]

1. e4 e5 2. Nf3 Nc6 3. d4 exd4 4.
Bc4 Bc5 5. Ng5 Ne5 6. Nxf7 Qf6 7. Nxe5 Qxe5 8. O-O Nf6 9. f4 Qh5 10. Qxh5+ Nxh5 11. e5 d3+ 12. Kh1 dxc2 13. Nc3 d6 14. Ne4 dxe5 15. Nxc5 exf4 16. Bxf4 Rf8 17. Rae1+ Kd8 18.
Bxc7+ Kxc7 19. Rxf8 b6 20. Nb3 Bb7 21. Rf7+ Kc6 22.
Nd4+ Kc5 23. Nxc2 1-0

[Event "*** Titled Tuesday Blitz"]
[Site "Chess.com"]
[Date "2020.10.27"]
[Round "8"]
[White "wonderfultime"]
[Black "Flawless_Fighter"]
[Result "1-0"]
[WhiteElo "2922"]
[BlackElo "2610"]
[TimeControl "180+1"]
[EndTime "11:27:47 PDT"]
[Termination "wonderfultime won by checkmate"]

1. d4 Nf6 2. Nf3 e6 3. Bf4 c5 4. c3 Qb6 5. Qc2 Nc6 6. e3 d5 7. Nbd2 Bd7 8. Bd3 Rc8 9. Qb1 Be7 10. O-O Nh5 11. Be5 f6 12. Bg3 Nxg3 13. hxg3 f5 14.
a3 c4 15. Bc2 O-O 16. g4 g6 17.
gxf5 exf5 18. b3 cxb3 19. Bxb3 Be6 20. Qa2 Qd8 21. c4 Na5 22. c5 b6 23. cxb6 Nxb3 24. Qxb3 Qxb6 25. Qa4 Rc7 26. Rab1 Qd6 27. Rb3 Rfc8 28. Ne5 Bf6 29. Ndf3 g5 30. Nd3 f4 31. exf4 gxf4 32. Nfe5 Rg7 33. Nxf4 Bf5 34. Nh5 Rg5 35.
Nxf6+ Qxf6 36. Qxa7 Be4 37. Rg3 Rc2 38. Rxg5+ Qxg5 39. Qf7+ Kh8 40. Qf8+ Qg8 41. Nf7# 1-0

[Event "*** Titled Tuesday Blitz"]
[Site "Chess.com"]
[Date "2020.10.27"]
[Round "8"]
[White "pastouche06"]
[Black "HouseOfDurin"]
[Result "1-0"]
[WhiteElo "2493"]
[BlackElo "2189"]
[TimeControl "180+1"]
[EndTime "11:27:47 PDT"]
[Termination "pastouche06 won by resignation"]

1. d4 Nf6 2. c4 c5 3. d5 b5 4. cxb5 a6 5. bxa6 Bxa6 6. Nc3 d6 7. e4 Bxf1 8. Kxf1 Nbd7 9. g3 g6 10. Nf3 Bg7 11. Kg2 O-O 12. a4 Qa5 13. Bd2 Qb4 14.
Qe2 Qxb2 15. Rhb1 Qc2 16. Ne1 Qxb1 17. Rxb1 Rfb8 18. Rxb8+ Rxb8 19. a5 Ne8 20. Nb5 Ra8 21. Nc2 Nb8 22. Nca3 Na6 23. Bc3 Bxc3 24. Nxc3 Nb4 25.
Qb5 Nc7 26. Qd7 Rxa5 27. Nc4 Ra7 28. Qxe7 Kg7 29. Nxd6 Nb5 30. Qe5+ f6 31. Ne8+ Kf8 32. Qxf6+ Kxe8 33. Nxb5 1-0

[Event "*** Titled Tuesday Blitz"]
[Site "Chess.com"]
[Date "2020.10.27"]
[Round "8"]
[White "Beca95"]
[Black "OK97"]
[Result "1-0"]
[WhiteElo "2924"]
[BlackElo "2800"]
[TimeControl "180+1"]
[EndTime "11:27:49 PDT"]
[Termination "Beca95 won by resignation"]

1. d4 Nf6 2. Nf3 c5 3. d5 b5 4. Bg5 Qb6 5. c3 Ne4 6. Bf4 Bb7 7. e3 e6 8. dxe6 fxe6 9. Nbd2 Nf6 10. Bd3 Nc6 11. a4 a6 12. axb5 axb5 13. Rxa8+ Bxa8 14. Qb3 b4 15. O-O Be7 16. Nc4 Qa7 17. Nd6+ Bxd6 18. Bxd6 Na5 19. Qa4 Bc6 20. Bb5 Bxb5 21. Qxb5 Nb7 22.
Be5 bxc3 23. bxc3 Nd8 24. c4 Nc6 25. Ra1 Qxa1+ 26. Bxa1 O-O 27. Bxf6 1-0

[Event "*** Titled Tuesday Blitz"]
[Site "Chess.com"]
[Date "2020.10.27"]
[Round "8"]
[White "NotFischer"]
[Black "canary2016"]
[Result "1-0"]
[WhiteElo "2118"]
[BlackElo "1945"]
[TimeControl "180+1"]
[EndTime "11:27:49 PDT"]
[Termination "NotFischer won by checkmate"]

1. e4 e5 2. Bc4 Nf6 3. d4 Nxe4 4. dxe5 Nc6 5. Qd5 Ng5 6. Bxg5 Qxg5 7. Qxf7+ Kd8 8. f4 Qe7 9. Nf3 d6 10. O-O Qxf7 11. Bxf7 Be7 12. Nc3 dxe5 13. Nxe5 Nxe5 14. fxe5 Bc5+ 15. Kh1 Ke7 16. Ne4 Bb6 17. c4 Bd4 18. Nc3 Rf8 19. Nd5+ Kd8 20. e6 Bc5 21. b4 Be7 22. Rad1 c6 23. Nb6+ Kc7 24. Nxa8+ Kb8 25.
Bh5 Rxf1+ 26. Rxf1 Bxe6 27. Re1 Kxa8 28. Rxe6 Bxb4 29.
Re8# 1-0

[Event "*** Titled Tuesday Blitz"]
[Site "Chess.com"]
[Date "2020.10.27"]
[Round "8"]
[White "LileKoridze"]
[Black "suyu28"]
[Result "0-1"]
[WhiteElo "2375"]
[BlackElo "2599"]
[TimeControl "180+1"]
[EndTime "11:27:50 PDT"]
[Termination "suyu28 won by resignation"]

1. d4 d6 2. Nf3 g6 3. c4 Bg7 4.
Nc3 Nc6 5. e4 Bg4 6. Be3 Bxf3 7.
gxf3 e5 8. d5 Nb8 9. Bd3 a5 10.
a3 Na6 11. Rb1 Bh6 12. f4 Bxf4 13. Bxf4 exf4 14. Qf3 Qf6 15. O-O Qe5 16. Ne2 g5 17. Kh1 Nf6 18. b4 Kf8 19. c5 Nb8 20. cxd6 cxd6 21.
Rbc1 axb4 22. axb4 Nbd7 23. Rc7 Qb2 24. Qh3 Ra1 25.
Rxa1 Qxa1+ 26. Kg2 Ke7 27. Bb5 g4 28. Qc3 f3+ 29.
Kg3 Nxe4+ 0-1

[Event "*** Titled Tuesday Blitz"]
[Site "Chess.com"]
[Date "2020.10.27"]
[Round "8"]
[White "Sergienko_Sergey"]
[Black "picturesquecheck"]
[Result "1/2-1/2"]
[WhiteElo "2332"]
[BlackElo "2097"]
[TimeControl "180+1"]
[EndTime "11:27:50 PDT"]
[Termination "Game drawn by repetition"]

1. e4 c5 2. Nf3 Nc6 3. Bb5 g6 4. Bxc6 dxc6 5. d3 Bg7 6. Nc3 e5 7. Be3 b6 8. h3 Ne7 9. Qd2 O-O 10.
Bh6 Ba6 11. Bxg7 Kxg7 12. Nxe5 c4 13. d4 c5 14. d5 f6 15. Nf3 Re8 16. O-O f5 17. e5 Bb7 18. Rad1 b5 19. Ng5 Nxd5 20. Nxd5 Bxd5 21. Qe3 Rc8 22. f4 Rc7 23. Rd2 Rd7 24.
Rfd1 h6 25. Nf3 Ree7 26. Qxc5 Bxf3 27. Rxd7 Rxd7 28. Rxd7+ Qxd7 29. gxf3 Qd1+ 30. Kg2 Qxc2+ 31. Kg3 Qxb2 32. Qe7+ Kg8 33. Qe6+ Kg7 34. Qe7+ Kg8 35. Qe8+ Kg7 36. Qe7+ 1/2-1/2

[Event "*** Titled Tuesday Blitz"]
[Site "Chess.com"]
[Date "2020.10.27"]
[Round "8"]
[White "CM_rui"]
[Black "winniethepooh04"]
[Result "1-0"]
[WhiteElo "2366"]
[BlackElo "2219"]
[TimeControl "180+1"]
[EndTime "11:27:51 PDT"]
[Termination "CM_rui won by resignation"]

1. e4 c5 2. Nf3 d6 3. d4 cxd4 4.
Nxd4 Nf6 5. f3 a6 6. c4 e6 7. Nc3 Be7 8. Be3 O-O 9. Be2 Nc6 10. O-O Bd7 11. Qd2 Rc8 12. Rfd1 Ne5 13. b3 Bc6 14. Rac1 d5 15. cxd5 exd5 16. Qb2 dxe4 17. Nxc6 Nd3 18.
Bxd3 bxc6 19. Bxe4 Qa5 20. Bb1 Qh5 21. Ne4 Nxe4 22.
Bxe4 Rfd8 23. Rxd8+ Rxd8 24. Bxc6 Bd6 25. f4 Qa5 26.
Qf2 Qf5 27. Rd1 Bc7 28. Rxd8+ Bxd8 29. Qd2 Bf6 30. g3 g6 31. Bd4 Be7 32. Bb2 Qc5+ 33.
Qd4 f6 34. Bd5+ Kf8 35. Qxc5 Bxc5+ 36. Kf1 Ke7 37. Ke2 1-0

[Event "*** Titled Tuesday Blitz"]
[Site "Chess.com"]
[Date "2020.10.27"]
[Round "8"]
[White "Shield12"]
[Black "ArjunErigaisi2003"]
[Result "0-1"]
[WhiteElo "2826"]
[BlackElo "3000"]
[TimeControl "180+1"]
[EndTime "11:27:55 PDT"]
[Termination "ArjunErigaisi2003 won by resignation"]

1. e4 e5 2. Nf3 Nc6 3. Nc3 Nf6 4. Be2 Bb4 5. Nd5 Bc5 6. d3 h6 7. c3 d6 8. b4 Bb6 9. a4 a6 10. Nxb6 cxb6 11. O-O O-O 12. Re1 Be6 13. h3 Qc7 14.
Bb2 Rfd8 15. Rc1 b5 16. axb5 axb5 17. Bf1 Ra2 18. Re2 d5 19. Qc2 dxe4 20. dxe4 Bc4 21.
Rd2 Rxd2 22. Nxd2 Bxf1 23. Nxf1 Qd7 24. Ne3 Nxe4 25. Rd1 Nd6 26. Qb3 Ra8 27. c4 Qe6 28. Nd5 bxc4 29. Qg3 Nf5 30. Qg4 Nfd4 31. Qe4 f5 0-1

[Event "*** Titled Tuesday Blitz"]
[Site "Chess.com"]
[Date "2020.10.27"]
[Round "8"]
[White "Skatchkov_V"]
[Black "Vanina1989"]
[Result "1-0"]
[WhiteElo "2495"]
[BlackElo "2621"]
[TimeControl "180+1"]
[EndTime "11:27:57 PDT"]
[Termination "Skatchkov_V won by resignation"]

1. d4 Nf6 2. c4 e6 3. Nf3 Bb4+ 4. Nbd2 a5 5. a3 Bxd2+ 6. Qxd2 O-O 7. Qc2 d6 8. e4 e5 9. d5 Nh5 10. Be2 Nf4 11.
Bxf4 exf4 12. O-O Qf6 13. c5 Bg4 14. cxd6 cxd6 15. Qc3 Qxc3 16. bxc3 Nd7 17. Rab1 Bxf3 18. gxf3 Nc5 19. Rb6 Rfd8 20. Rfb1 Rac8 21. R1b5 a4 22. Rb4 g6 23. Bb5 Ra8 24. Be2 Kg7 25. R4b5 h5 26. e5 Rac8 27. Rxd6 Rxd6 28. exd6 Kf6 29.
c4 h4 30. Bf1 Kg7 31. Rxc5 Rxc5 32. d7 1-0

[Event "*** Titled Tuesday Blitz"]
[Site "Chess.com"]
[Date "2020.10.27"]
[Round "8"]
[White "Bodnar_Mykola"]
[Black "AniJak"]
[Result "1-0"]
[WhiteElo "2371"]
[BlackElo "2279"]
[TimeControl "180+1"]
[EndTime "11:27:57 PDT"]
[Termination "Bodnar_Mykola won by checkmate"]

1. d4 d5 2. c4 c6 3. Nf3 Nf6 4.
Nc3 e6 5. Qd3 dxc4 6. Qxc4 b5 7.
Qd3 a6 8. g4 c5 9. g5 c4 10. Qe3 Nd5 11. Nxd5 Qxd5 12. Bg2 Bb4+ 13. Kf1 Bb7 14. h4 Ra7 15. Rg1 Qd8 16. a4 bxa4 17. Rxa4 a5 18. Qf4 O-O 19. e4 c3 20. bxc3 Ba6+ 21.
Ke1 Bxc3+ 22. Bd2 Bxd2+ 23. Qxd2 Bb5 24. Ra1 Nc6 25. h5 Nb4 26. Ne5 Qxd4 27. Qxd4 Nc2+ 28.
Kd2 Nxd4 29. Rgb1 Rd8 30. Kc3 Rc7+ 31. Kb2 Rc2+ 32. Ka3 Rc3+ 33. Kb2 Rc2+ 34. Ka3 Rxf2 35. Rb2 Nc2+ 36. Rxc2 Rxc2 37. Bf1 Bxf1 38. Rxf1 Rc3+ 39. Kb2 Rc7 40. g6 fxg6 41. hxg6 hxg6 42. Nxg6 Rb8+ 43. Ka2 Rc4 44. Ka3 Rxe4 45. Ne7+ Kh7 46. Rh1+ Rh4 47. Rxh4# 1-0

[Event "*** Titled Tuesday Blitz"]
[Site "Chess.com"]
[Date "2020.10.27"]
[Round "8"]
[White "DenLaz"]
[Black "Chernobay_Artem"]
[Result "1-0"]
[WhiteElo "2777"]
[BlackElo "2616"]
[TimeControl "180+1"]
[EndTime "11:27:58 PDT"]
[Termination "DenLaz won by resignation"]

1. d4 g6 2. c4 Bg7 3. Nc3 c5 4. d5 Bxc3+ 5. bxc3 f5 6. h4 Nf6 7. h5 Nxh5 8. e4 d6 9. exf5 Qa5 10. Bd2 Rf8 11. fxg6 hxg6 12. Bd3 Bf5 13. Bxf5 Rxf5 14. Nf3 Nf6 15. Rh8+ Kd7 16. Qe2 e5 17. dxe6+ Ke7 18. Kf1 Qa4 19. Nh4 Re5 20. Nxg6+ Kxe6 21. Nxe5 dxe5 22.
Re1 Nfd7 23. Rh6+ Ke7 24. Bg5+ Ke8 25. Qh5+ 1-0

[Event "*** Titled Tuesday Blitz"]
[Site "Chess.com"]
[Date "2020.10.27"]
[Round "8"]
[White "Chamal_Gedgafov"]
[Black "Vamostodorecto"]
[Result "0-1"]
[WhiteElo "2145"]
[BlackElo "2335"]
[TimeControl "180+1"]
[EndTime "11:28:00 PDT"]
[Termination "Vamostodorecto won by resignation"]

1. d4 Nf6 2. c4 g6 3. Nc3 d5 4. cxd5 Nxd5 5. e4 Nb6 6. Nf3 Bg7 7.
Be2 Bg4 8. Be3 Nc6 9. d5 Bxf3 10. Bxf3 Ne5 11. Be2 O-O 12. O-O Nec4 13. Bc1 c6 14. dxc6 bxc6 15. Qc2 Qc7 16. b3 Nd6 17. Bb2 a5 18. Nd5 Nxd5 19. Bxg7 Nb4 20. Qb2 Rfc8 21. Bh6 f6 22. e5 Nf7 23. Bc4 Qxe5 24. Qxe5 fxe5 25. Rfe1 Nc2 26. Rxe5 Nxa1 27. Rxe7 Rf8 28. f4 Nc2 29. Kf2 Nb4 30. Rc7 Nd5 31. Bxf8 Nxc7 32.
Bc5 Nd5 0-1

[Event "*** Titled Tuesday Blitz"]
[Site "Chess.com"]
[Date "2020.10.27"]
[Round "8"]
[White "ajian"]
[Black "Yoshikrov"]
[Result "1-0"]
[WhiteElo "2351"]
[BlackElo "2137"]
[TimeControl "180+1"]
[EndTime "11:28:02 PDT"]
[Termination "ajian won by resignation"]

1. d4 Nf6 2. c4 g6 3. Nc3 d5 4. cxd5 Nxd5 5. e4 Nxc3 6. bxc3 Bg7 7. Bc4 c5 8. Ne2 O-O 9. O-O Nc6 10. Be3 b6 11.
Rb1 Qc7 12. Bf4 e5 13. Bg3 cxd4 14. cxd4 Nxd4 15. Qxd4 Rd8 16. Bd5 Ba6 17. Qe3 Rac8 18. Rbc1 Qe7 19. Rxc8 Rxc8 20. Rc1 Rxc1+ 21. Nxc1 Qb4 22.
h3 h5 23. Kh2 Qb1 24. Ne2 Qe1 25. Nc3 Qa1 26. Qf3 Kh7 27. Bxf7 Qe1 28. Bd5 b5 29. a3 Qc1 30. Ne2 Qc5 31. Qf7 b4 32. Bxe5 1-0

[Event "*** Titled Tuesday Blitz"]
[Site "Chess.com"]
[Date "2020.10.27"]
[Round "8"]
[White "WPWPWP-2015"]
[Black "albi1999"]
[Result "1-0"]
[WhiteElo "2491"]
[BlackElo "2605"]
[TimeControl "180+1"]
[EndTime "11:28:03 PDT"]
[Termination "WPWPWP-2015 won by resignation"]

1. e4 c6 2. d4 d5 3. e5 Bf5 4. Nf3 e6 5. Be2 Nd7 6. O-O h6 7.
Be3 Ne7 8. Nbd2 Bh7 9. a4 Nf5 10. a5 Be7 11. c3 O-O 12. g3 f6 13. exf6 Bxf6 14. Bf4 g5 15. Be5 Nxe5 16. Nxe5 Bxe5 17. dxe5 Qc7 18. Nf3 g4 19. Nd4 Qxe5 20. Bxg4 Nxd4 21.
cxd4 Qf6 22. Qb3 Rf7 23. Rae1 Re8 24. Re5 Kg7 25. Qe3 Rfe7 26. Re1 Bg8 27. b4 a6 28. h4 Qg6 29. Bf5 Qf6 30. Bg4 Bf7 31. f4 Kf8 32.
Kh2 Bg8 33. h5 Bf7 34. Re2 Bg8 35. Qf3 Bf7 36. R2e3 Kg7 37. Qe2 Kf8 38. Kg1 Qg7 39. Kg2 Qf6 40. Kh2 Kg7 41. f5 exf5 42. Rxe7 Rxe7 43.
Rxe7 fxg4 44. Qe5 Kf8 45. Qxf6 1-0

[Event "*** Titled Tuesday Blitz"]
[Site "Chess.com"]
[Date "2020.10.27"]
[Round "8"]
[White "WanderingPuppet"]
[Black "Margency"]
[Result "0-1"]
[WhiteElo "2505"]
[BlackElo "2664"]
[TimeControl "180+1"]
[EndTime "11:28:04 PDT"]
[Termination "Margency won on time"]

1. e4 c5 2. Nf3 d6 3. d4 cxd4 4. Nxd4 Nf6 5. Nc3 a6 6. Be3 e6 7. f3 b5 8. Qd2 Bb7 9. g4 Nfd7 10. a4 b4 11. Nce2 Qc7 12. h4 Nc5 13. g5 Nbd7 14.
Rg1 Rc8 15. h5 g6 16. Bh3 Ne5 17. b3 Bg7 18. Rd1 Nxf3+ 19. Nxf3 Nxe4 20. Qd3 O-O 21. Bd4 Qxc2 22. Bxg7 Kxg7 23. h6+ Kg8 24. Qxc2 Rxc2 25. Nfd4 Rc5 26. Bg2 Rxg5 27. Bxe4 Rxg1+ 28. Nxg1 Bxe4 29. Rc1 Bd5 30. Rc7 e5 31. Nc2 Bxb3 32. Nxb4 Bxa4 33. Nd5 Bb3 34. Nf6+ Kh8 35. Ne2 Ra8 36. Nc3 Be6 0-1